 Dungeon Crawl Stone Soup version 0.19-a0-1188-g4c2e17c (webtiles) character file.

98 PurpleRed the Conjurer (level 4, -3/24 HPs)
             Began as a Deep Elf Conjurer on Aug 18, 2016.
             Slain by a gnoll
             ... wielding a +0 spear
              (7 damage)
             ... on level 3 of the Dungeon.
             The game lasted 00:06:17 (831 turns).

PurpleRed the Conjurer (Deep Elf Conjurer)           Turns: 831, Time: 00:06:18

Health: -3/24      AC:  5    Str:  5    XL:     4   Next: 44%
Magic:  5/12       EV: 13    Int: 21    God:
Gold:   108        SH:  0    Dex: 15    Spells: 3 memorised, 4 levels left

rFire  . . .     SeeInvis .     j - +1 dagger
rCold  . . .     Gourm    .     a - +1 robe
rNeg   . . .     Faith    .     (no shield)
rPois  .         Spirit   .     (no helmet)
rElec  .         Dismiss  .     o - +1 cloak
rCorr  .         Reflect  .     (no gloves)
MR     .....     Harm     .     (no boots)
Stlth  ++........               i - amulet of rage
                                (no ring)
                                (no ring)

@: no status effects
A: no striking features
a: Evoke Berserk Rage


You were on level 3 of the Dungeon.
You were not hungry.

You visited 1 branch of the dungeon, and saw 4 of its levels.

You collected 108 gold pieces.

Inventory:

Hand Weapons
 f - a +0 hand axe
 j - a +1 dagger (weapon)
Missiles
 g - 3 tomahawks (quivered)
Armour
 a - a +1 robe (worn)
 o - a +1 cloak (worn)
Jewellery
 i - an amulet of rage (around neck)
Wands
 n - a wand of lightning (11/15)
Scrolls
 e - a scroll of identify {unknown}
 l - a scroll of remove curse
 m - a scroll of noise {unknown}
Potions
 k - a potion of cure mutation {unknown}
 p - a potion of berserk rage {unknown}
 q - 2 potions of curing {unknown}
Books
 b - a book of Conjurations

   Spells                             Type                      Level
   a - Magic Dart                     Conjuration                  1
   b - Searing Ray                    Conjuration                  2
   c - Dazzling Spray                 Conjuration/Hexes            3
   d - Fulminant Prism                Conjuration/Hexes            4
   e - Iskenderun's Mystic Blast      Conjuration                  4
   f - Iskenderun's Battlesphere      Conjuration/Charms           5
Comestibles
 c - 3 bread rations
 d - a royal jelly
 h - a slice of pizza
 r - 4 chunks of flesh


   Skills:
 - Level 2.4 Dodging
 - Level 2.4 Stealth
 + Level 4.3 Spellcasting
 * Level 5.9 Conjurations


You had 4 spell levels left.
You knew the following spells:

 Your Spells              Type           Power        Failure   Level  Hunger
a - Magic Dart            Conj           ####         1%          1    None
b - Searing Ray           Conj           ####..       1%          2    #......
c - Iskenderun's Mystic   Conj           ####....     12%         4    ####...


Dungeon Overview and Level Annotations

Branches:
Dungeon (4/15)
 Temple: D:4-7

Altars:

Annotations:
D:3 Guenter's ghost, amateur DsGl


Message History

A gnoll comes into view.
It is wielding a spear. 2 gnolls come into view.
The gnoll shouts!
The gnoll shouts!
The gnoll shouts!
You see here a rat corpse.
The gnoll barely misses you.
Casting: Magic Dart
Confirm with . or Enter, or press ? or * to list all spells.
Aiming: Searing Ray
Press: ? - help, Shift-Dir - straight line, f - gnoll
Aim: a gnoll, wielding a spear The searing ray misses the gnoll.
The searing ray hits the gnoll.
The gnoll is heavily wounded.
The gnoll hits you with a spear!
* * * LOW HITPOINT WARNING * * *
The searing ray hits the gnoll.
The gnoll is moderately wounded.
The gnoll hits you with a spear!
You die...

#. ...# ####.###### #.
#.##..##.# #......######.
#.....##.# #.##..........
#.....##.# #.##.#........
#.....##.# #.##.#.####.##
#.....g#.# #.##.#.####.##
#......#.# #.##.#......##
#........########.##.#.####.##
#.........ggg@....##.#.####.##
#####.#..###########.#..W<#.##
#.##>... #.######### #.#######
#(.....)†.. #.# ###########
#.# #.. ##


You could see 3 gnolls.

Vanquished Creatures
  An orc priest (D:3)
  3 gnolls (D:4)
  2 worms (D:2)
  A dart slug (D:2)
  4 orcs (D:3)
  2 bats (D:2)
  A giant cockroach (D:2)
  A goblin (D:2)
  A hobgoblin (D:2)
  6 jackals
  2 kobolds (D:2)
  A quokka (D:2)
  A ball python (D:2)
  3 giant newts (D:2)
  2 rats
31 creatures vanquished.

Notes
Turn   | Place    | Note
-------+----------+-------------------------------------------
     0 | D:1      | PurpleRed the Deep Elf Conjurer began the quest for the Orb.
     0 | D:1      | Reached XP level 1. HP: 10/10 MP: 6/6
   122 | D:3      | Noticed an orc priest
   134 | D:3      | Reached XP level 2. HP: 13/15 MP: 6/8
   191 | D:3      | Learned a level 2 spell: Searing Ray
   201 | D:3      | Noticed Guenter's ghost (amateur DsGl)
   277 | D:2      | Found a faded altar of an unknown god.
   321 | D:2      | Reached skill level 5 in Conjurations
   439 | D:2      | Reached XP level 3. HP: 12/19 MP: 1/10
   689 | D:3      | Reached XP level 4. HP: 15/24 MP: 0/12
   763 | D:4      | Learned a level 4 spell: Iskenderun's Mystic Blast
   831 | D:3      | Slain by a gnoll

Vault maps used:
D:1:      minmay_arrival_up_and_down
D:2:      first_bread, ecumenical_altar_2
D:3:      lemuel_round_altar, serial_bayou_pond_e, led_sif_book
D:4:      roderic_serpentine_path, nicolae_dithmenos_shadow_blocks

Skill      XL: |  1  2  3 |
---------------+----------+-----
Conjurations   | 5 |  5.9
Spellcasting   | 4 |  4.3
Dodging        | |  2.4
Stealth        | |  2.4

Action                   |  1- 3 |  4- 6 || total
-------------------------+-------+-------++-------
Melee: Dagger            |    27 |     3 ||    30
 Cast: Magic Dart        |    28 |     1 ||    29
       Searing Ray       |     7 |     3 ||    10
  Use: Scroll            |     4 |       ||     4
 Stab: Sleeping          |     1 |       ||     1
Armor: Robe              |     8 |     1 ||     9
Dodge: Dodged            |    38 |     7 ||    45
